 Dungeon Crawl Stone Soup version 0.30.0-29-ga12c61a403 (webtiles) character file.

Game seed: 13322165794507527591

8295 Graphine the Blocker (level 11, -2/99 HPs)
             Began as a Hill Orc Fighter on June 20, 2023.
             Was a Follower of the Shining One.
             Slain by a yak (11 damage)
             ... on level 1 of the Lair of Beasts.
             The game lasted 00:14:06 (9941 turns).

Graphine the Blocker (Hill Orc Fighter)             Turns: 9941, Time: 00:14:07

Health: -2/99      AC: 14    Str: 30    XL:     11   Next: 28%
Magic:  15/18      EV:  9    Int:  8    God:    the Shining One [*.....]
Gold:   595        SH: 17    Dex: 10    Spells: 10/10 levels left

rFire   . . .        a - +5 war axe
rCold   + . .        c - +1 buckler
rNeg    . . .        i - +0 chain mail
rPois   .            (no helmet)
rElec   .            (no cloak)
rCorr   .            m - +0 pair of gloves
SInv    .            g - +0 pair of boots
Will    .....        (no amulet) Stlth
                     n - +6 ring of strength
HPRegen 0.36/turn    y - ring of protection from cold
MPRegen 0.16/turn

%: no passive effects
@: divinely shielded, glowing, studying Shields
A: no striking features
a: Renounce Religion, Divine Shield


You were on level 1 of the Lair of Beasts.
You worshipped the Shining One.
The Shining One was aware of your devotion.
You visited 3 branches of the dungeon, and saw 10 of its levels.

You collected 595 gold pieces.

Inventory:

Hand Weapons
 a - a +5 war axe (weapon)
Missiles
 b - a throwing net
 k - 2 silver javelins (quivered)
Armour
 c - a +1 buckler (worn)
 g - a +0 pair of boots (worn)
 i - a +0 chain mail (worn)
 m - a +0 pair of gloves (worn)
Jewellery
 n - a +6 ring of strength (left hand)
 y - a ring of protection from cold (right hand)
Wands
 v - a wand of paralysis (3)
Scrolls
 p - a scroll of teleportation
 s - a scroll of fog
 w - a scroll of immolation
 z - a scroll of blinking
Potions
 d - a potion of might
 f - a potion of cancellation {unknown}
 h - 3 potions of haste
 j - 3 potions of degeneration
 l - 2 potions of curing
 o - 3 potions of attraction {unknown}
 q - 2 potions of mutation {unknown}
 r - a potion of brilliance {unknown}
 t - a potion of flight {unknown}
 u - 3 potions of lignification {unknown}
 x - a potion of resistance {unknown}


   Skills:
 + Level 10.0 Fighting
 + Level 10.5 Axes
 - Level 9.0 Armour
 + Level 11.3 Shields
 + Level 10.0 Invocations


You had 10 spell levels left.
You didn't know any spells.
Your spell library contained the following spells:

 Spells                   Type           Power      Damage    Failure   Level
 Kiss of Death            Conj/Necr      0%         2d5       86%         1
 Blink                    Tloc           0%         N/A       94%         2
 Cigotuvi's Dreadful Rot  Necr/Pois/Air  0%         N/A       94%         2
 Lesser Beckoning         Tloc           0%         N/A       94%         2
 Momentum Strike          Conj/Tloc      0%         3d8       94%         2
 Static Discharge         Conj/Air       0%         2-2/arc   94%         2
 Confusing Touch          Hex            0%         N/A       99%         3
 Volatile Blastmotes      Fire/Tloc      0%         2d10      99%         3
 Airstrike                Air            0%         2d(0-16)  100%        4
 Dispel Undead            Necr           0%         3d6       100%        4
 Fulminant Prism          Conj/Hex       0%         3d5       100%        4
 Iskenderun's Mystic Bla  Conj/Tloc      0%         2d3       100%        4
 Summon Lightning Spire   Summ/Air       0%         N/A       100%        4
 Lee's Rapid Deconstruct  Erth           0%         3d4*      100%        5
 Death Channel            Necr           0%         N/A       100%        6


Dungeon Overview and Level Annotations

Branches:
Dungeon (8/15)             Temple (1/1) D:5            Lair (1/5) D:8

Altars:
Dithmenos
Kikubaaqudgha
Nemelex Xobeh
Ru
Uskayaw
Wu Jian
Zin
The Shining One

Shops:
D:4 ==


Message History

Cleave: a) +5 war axe
Press: ? - help, Dir - move target, f/p - yak
Aim: a yak (heavily wounded, haloed, about 8% to evade your +5 war axe)
You hit the yak.
The yak is heavily wounded.
You slash the yak!
The yak gores you but does no damage. x2
Unknown command.
Your shield is strengthened by the Shining One's divine power.
You block the yak's attack. The yak gores you.
* * * LOW HITPOINT WARNING * * *
Cleave: a) +5 war axe
Press: ? - help, Dir - move target, f/p - yak
Aim: a yak (heavily wounded, haloed, about 8% to evade your +5 war axe)
You slash the yak!
The yak is almost dead.
You hit the yak.
You kill the yak!
The yak gores you!
* * * LOW HITPOINT WARNING * * *
Cleave: a) +5 war axe
Press: ? - help, Dir - move target, f/p - yak
Aim: a yak (almost dead, haloed, about 8% to evade your +5 war axe)
You slash the yak!
You kill the yak!
You hit the yak. The yak gores you but does no damage.
Unknown command.
Cleave: a) +5 war axe
Press: ? - help, Dir - move target, f - yak
Aim: a yak (haloed, about 8% to evade your +5 war axe)
You hit the yak.
The yak is lightly wounded.
You slash the yak! The yak gores you but does no damage.
You block the yak's attack.
Cleave: a) +5 war axe
Press: ? - help, Dir - move target, f/p - yak
Aim: a yak (lightly wounded, haloed, about 8% to evade your +5 war axe)
You hit the yak but do no damage.
The yak is lightly wounded.
You slash the yak! You block the yak's attack. The yak gores you!
You die...

####..................# #.#
#.....#......#...Y.#
..###............#Y...Y#
..##......P......+.....#
...##.....'......#.....#
#####=....#......#.?...# .#
#.....#......#.....#
#####...........##.....##
................@Y.........
#.#########..####Y#########
### #### ###


You could see 2 yaks.

Vanquished Creatures
  An ugly thing (D:7)
  A black mamba (Lair:1)
  A cane toad (Lair:1)
  A rime drake (Lair:1)
  2 komodo dragons (Lair:1)
  Grinder (D:5)
  2 hornets (D:8)
  5 blink frogs (Lair:1)
  Sigmund (D:2)
  A wyvern (D:8)
  7 yaks (Lair:1)
  Eustachio (D:5)
  2 vampire mosquitoes (D:6)
  A steam dragon (D:8)
  2 wargs (D:8)
  5 water moccasins
  2 black bears
  4 orc warriors
  2 ogres
  A centaur (D:7)
  A phantom (D:4)
  A kobold brigand (D:6)
  2 bullfrogs (Lair:1)
  A scorpion (D:6)
  8 wights
  2 electric eels (D:7)
  2 sleepcaps
  A gnoll bouda (D:7)
  3 orc priests
  3 hounds
  6 orc wizards
  4 iguanas
  7 adders
  9 gnolls
  A white imp (D:7)
  A worm (D:3)
  4 dart slugs
  21 orcs
  5 endoplasms
  2 giant cockroaches
  7 goblins
  9 hobgoblins
  3 jackals (D:2)
  3 quokkas
  5 ball pythons
  7 bats
  3 frilled lizards
  9 kobolds
  A rat (D:3)
174 creatures vanquished.

Notes
Turn   | Place    | Note
-------+----------+-------------------------------------------
     0 | D:1      | Graphine the Hill Orc Fighter began the quest for the Orb.
     0 | D:1      | Reached XP level 1. HP: 19/19 MP: 1/1
    71 | D:1      | Reached XP level 2. HP: 25/27 MP: 2/2
   110 | D:1      | Reached skill level 1 in Invocations
   422 | D:1      | Reached XP level 3. HP: 33/33 MP: 3/3
  1036 | D:2      | Noticed Sigmund
  1201 | D:2      | HP: 1/33 [Sigmund/+0 scythe (4)]
  1419 | D:2      | Killed Sigmund
  1420 | D:2      | Reached skill level 4 in Shields
  1420 | D:2      | Reached XP level 4. HP: 31/41 MP: 4/6
  1420 | D:2      | Reached XP level 5. HP: 36/47 MP: 4/7
  1924 | D:3      | Reached XP level 6. HP: 50/53 MP: 8/8
  2635 | D:4      | Reached skill level 5 in Fighting
  2667 | D:4      | Found Obiskunu's Jewellery Shoppe.
  2724 | D:4      | Reached XP level 7. HP: 56/61 MP: 9/9
  3080 | D:4      | Reached skill level 5 in Axes
  3505 | D:4      | Found Myanua's Jewellery Boutique.
  3907 | D:5      | Entered Level 5 of the Dungeon
  4193 | D:5      | Found a staircase to the Ecumenical Temple.
  4218 | Temple   | Entered the Ecumenical Temple
  4245 | Temple   | Became a worshipper of the Shining One
  4332 | D:5      | Reached skill level 5 in Armour
  4332 | D:5      | Reached skill level 5 in Shields
  4545 | D:5      | Noticed Eustachio
  4565 | D:5      | Killed Eustachio
  4651 | D:5      | Found a hide-covered altar of Uskayaw.
  4690 | D:5      | Noticed Grinder
  4697 | D:5      | Paralysed by Grinder for 2 turns
  4705 | D:5      | Killed Grinder
  4706 | D:5      | Reached skill level 5 in Invocations
  4706 | D:5      | Reached XP level 8. HP: 53/70 MP: 11/11
  4905 | D:5      | Found a shadowy altar of Dithmenos.
  5391 | D:6      | Reached skill level 6 in Shields
  5810 | D:6      | Identified a scroll of acquirement
  5810 | D:6      | Acquired a manual of Shields
  5847 | D:6      | Reached XP level 9. HP: 29/79 MP: 13/13
  6432 | D:7      | Found a sparkling altar of Nemelex Xobeh.
  6450 | D:7      | Reached skill level 7 in Shields
  6469 | D:7      | Reached * piety under the Shining One
  6880 | D:7      | Found an ornate altar of the Wu Jian Council.
  6881 | D:7      | Noticed a red ugly thing
  6884 | D:7      | Found a transporter.
  6891 | D:7      | Found a transporter.
  6990 | D:7      | Killed a red ugly thing
  6995 | D:7      | HP: 1/81 [orc warrior/+0 glaive (12)]
  7280 | D:7      | Reached skill level 8 in Shields
  7589 | D:7      | Reached XP level 10. HP: 88/88 MP: 15/15
  8024 | D:8      | Reached skill level 9 in Shields
  8399 | D:8      | Found a staircase to the Lair.
  8426 | D:8      | Reached ** piety under the Shining One
  8474 | D:8      | Identified the +3 leather armour of Spite {Str-3 Dex+4}
  8583 | D:8      | Paralysed by a hornet for 1 turns
  8589 | D:8      | Paralysed by a hornet for 3 turns
  9139 | Lair:1   | Entered Level 1 of the Lair of Beasts
  9139 | Lair:1   | Noticed a black mamba
  9146 | Lair:1   | Killed a black mamba
  9152 | Lair:1   | Reached skill level 10 in Shields
  9324 | Lair:1   | Reached XP level 11. HP: 76/97 MP: 18/18
  9398 | Lair:1   | Reached skill level 10 in Axes
  9717 | Lair:1   | Reached skill level 11 in Shields
  9933 | Lair:1   | Reached skill level 10 in Fighting
  9933 | Lair:1   | Reached skill level 10 in Invocations
  9941 | Lair:1   | Slain by a yak

Illustrated notes

Levels and vault maps discovered:
D:1:      psy_arrival_statuary, layout_rooms, minmay_cut_off
D:2:      layout_basic, uniq_sigmund
D:3:      layout_loops_corners
D:4:      layout_layer_cave, serial_shops, nicolae_shop_tiny_waterfront,
          nicolae_shop_back_alley_shop, dreamdust_gnoll_farm
D:5:      layout_loops_corners, nicolae_dithmenos_through_a_glass_darkly,
          mainiacjoe_overflow_six_doors_small,
          minmay_temple_entry_statues_pillars, uniq_eustachio, uniq_grinder
D:6:      layout_basic
D:7:      layout_loops_ring, nemelex_dance_club_becter,
          gammafunk_temple_overflow_arena, columned_hall_lemuel,
          kennysheep_cross_room, abandoned_shop
D:8:      layout_cave_pools, erik_lair_orcish_takeover
Temple:   bh_familiar_temple
Lair:1:   layout_regular_city

Skill      XL: |  1  2  3  4  5  6  7  8  9 10 11 |
---------------+----------------------------------+-----
Axes           | 3 4 5 7 8 9 10 | 10.5
Invocations    | 1 2 3 5 6 7 9 10 | 10.0
Fighting       | 4 5 6 7 8 9 10 | 10.0
Armour         | 4 5 6 7 8 9 |  9.0
Shields        | 4 5 6 8 10 11 | 11.3

Action                     |  1- 3 |  4- 6 |  7- 9 | 10-12 || total
---------------------------+-------+-------+-------+-------++-------
  Melee: War axe           |   121 |    80 |   248 |   127 ||   576
 Invoke: Divine Shield     |       |       |     1 |     3 ||     4
    Use: Scroll            |     4 |     5 |    12 |       ||    21
         Potion            |     2 |       |     5 |     1 ||     8
 Armour: Scale mail        |    19 |       |       |       ||    19
         Chain mail        |    77 |    39 |   143 |    49 ||   308
  Dodge: Dodged            |    50 |    23 |   108 |    49 ||   230
  Block: Buckler           |    38 |    20 |    91 |    64 ||   213
